 Dungeon Crawl Stone Soup version 0.27-a0-797-g27d10ad80f (webtiles) character file.

Game seed: 3620737402972347743

101 Hasart the Conjurer (level 4, -5/30 HPs)
             Began as a Mummy Conjurer on Mar 27, 2021.
             Slain by a wyvern zombie (9 damage)
             ... on level 2 of the Dungeon.
             The game lasted 00:03:32 (2238 turns).

Hasart the Conjurer (Mummy Conjurer)                Turns: 2238, Time: 00:03:32

Health: -5/30      AC:  2    Str: 16    XL:     4   Next: 48%
Magic:  0/9        EV: 12    Int: 18    God:
Gold:   75         SH:  0    Dex: 10    Spells: 7/10 levels left

rFire    x . .     SeeInvis .   c - +0 dagger
rCold    + . .     Faith    .   (no shield)
rNeg     + + +     Spirit   .   a - +0 robe
rPois    ∞         Reflect  .   (no helmet)
rElec    .         Harm     .   (no cloak)
rCorr    .         Rampage  .   (no gloves)
Will     .....                  (no boots)
Stlth    ++........             (no amulet)
HPRegen  0.10/turn              h - +6 ring of strength
MPRegen  0.11/turn              (no ring)

@: no status effects
A: cold resistance 1, negative energy resistance 3, torment resistance 2,
unbreathing 1, heat vulnerability 1, no potions
a: no special abilities


You were on level 2 of the Dungeon.
You visited 1 branch of the dungeon, and saw 2 of its levels.

You collected 75 gold pieces.

Inventory:

Hand Weapons
 c - a +0 dagger (weapon)
Armour
 a - a +0 robe (worn)
 k - a +0 buckler
Jewellery
 h - a +6 ring of strength (left hand)
Scrolls
 b - a scroll of magic mapping {unknown}
 d - a scroll of acquirement {unknown}
 e - 3 scrolls of identify {unknown}
 f - a scroll of noise {unknown}
 g - a scroll of teleportation {unknown}
 i - a scroll of enchant armour {unknown}
 j - a scroll of brand weapon {unknown}
 l - a scroll of amnesia {unknown}


   Skills:
 + Level 2.3 Dodging
 - Level 1.5 Stealth
 + Level 3.7 Spellcasting
 * Level 4.2 Conjurations


You had 7 spell levels left.
You knew the following spells:

 Your Spells              Type           Power      Damage    Failure   Level
a - Magic Dart            Conj           72%        1d6       2%          1
b - Searing Ray           Conj           36%        3d4       4%          2

Your spell library contained the following spells:

 Spells                   Type           Power      Damage    Failure   Level
 Dazzling Flash           Conj/Hex       20%        N/A       19%         3
 Fulminant Prism          Conj/Hex       5%         3d7       54%         4
 Iskenderun's Mystic Bla  Conj/Tloc      10%        2d4       54%         4


Dungeon Overview and Level Annotations

Branches:
Dungeon (2/15)

Altars:
Xom
Zin


Innate Abilities, Weirdness & Mutations

You are immune to poison.
Your flesh is cold resistant. (rC+)
You are immune to negative energy. (rN+++)
You are immune to unholy pain and torment.
You can survive without breathing.
You are vulnerable to heat. (rF-)
You do not drink.


Message History

Aiming: Searing Ray (safe; 4% risk of failure)
Press: ? - help, Shift-Dir - straight line, f/p - wyvern zombie
Aim: a wyvern zombie (lightly damaged, 8% to evade)
The searing ray hits the wyvern zombie!
The wyvern zombie is moderately damaged. (Press . to maintain the ray.)
The wyvern zombie barely misses you.
The searing ray hits the wyvern zombie!
The wyvern zombie is heavily damaged.
The wyvern zombie bites you!
The wyvern zombie completely misses you.
Unknown command.
The searing ray hits the wyvern zombie!
The wyvern zombie is severely damaged.
The wyvern zombie barely misses you.
Unknown command.
The searing ray hits the wyvern zombie.
The wyvern zombie is severely damaged.
You finish channeling your searing ray.
The wyvern zombie bites you.
Unknown command.
The wyvern zombie closely misses you. The wyvern zombie barely misses you.
Unknown command.
Casting: Searing Ray (safe; 4% risk of failure)
Confirm with . or Enter, or press ? or * to list all spells.
Aiming: Searing Ray (safe; 4% risk of failure)
Press: ? - help, Shift-Dir - straight line, f/p - wyvern zombie
Aim: a wyvern zombie (severely damaged, 8% to evade)
The searing ray hits the wyvern zombie!
The wyvern zombie is severely damaged. (Press . to maintain the ray.)
The wyvern zombie bites you!
* * * LOW HITPOINT WARNING * * *
Unknown command.
The searing ray hits the wyvern zombie!
The wyvern zombie is almost destroyed.
The wyvern zombie closely misses you.
Unknown command.
Unknown command.
The wyvern zombie bites you!
You die...

# #
#####################
................@Z..#
...################.#
.#.####### .#
.#........ .#
.######### .# .#
############# #### .#
#.#..#).#...###..###
.#
#.##.##.†.###.#....#
.
#..#....###.#..#.#.#


You could see a wyvern zombie.

Vanquished Creatures
  5 adders (D:2)
  3 worms (D:2)
  A dart slug (D:1)
  5 endoplasms
  A giant cockroach (D:2)
  4 goblins
  2 hobgoblins (D:2)
  3 quokkas
  7 ball pythons
  4 bats
  3 frilled lizards (D:2)
  4 kobolds
  6 rats
48 creatures vanquished.

Notes
Turn   | Place    | Note
-------+----------+-------------------------------------------
     0 | D:1      | Hasart the Mummy Conjurer began the quest for the Orb.
     0 | D:1      | Reached XP level 1. HP: 13/13 MP: 4/4
   613 | D:1      | Reached XP level 2. HP: 19/19 MP: 1/5
   725 | D:1      | Learned a level 2 spell: Searing Ray
  1249 | D:2      | Noticed an angel
  1250 | D:2      | Found a shimmering altar of Xom.
  1391 | D:2      | Reached XP level 3. HP: 24/24 MP: 1/7
  1780 | D:2      | Reached skill level 4 in Conjurations
  1882 | D:2      | Reached XP level 4. HP: 30/30 MP: 4/9
  2238 | D:2      | Slain by a wyvern zombie

Illustrated notes

Levels and vault maps discovered:
D:1:      sevenhm_arrival_forest_fort_large_2, layout_loops_ring
D:2:      minmay_razor_zed, layout_loops_ring,
          grunt_temple_overflow_order_and_chaos_1, grunt_decor_resistance

Skill      XL: |  1  2  3 |
---------------+----------+-----
Spellcasting   | 3 |  3.7
Dodging        | 2 |  2.3
Conjurations   | 4 |  4.2
Stealth        | |  1.5

Action                   |  1- 3 |  4- 6 || total
-------------------------+-------+-------++-------
Melee: Dagger            |     7 |     4 ||    11
 Cast: Magic Dart        |    65 |     9 ||    74
       Searing Ray       |     6 |     5 ||    11
Armor: Robe              |     1 |     1 ||     2
Dodge: Dodged            |     9 |     7 ||    16

Table legend: (Time is in decaauts)
 A = Elapsed time spent in this place.
 B = Non-inter-level travel time spent in this place.
 C = Inter-level travel time spent in this place.
 D = Time resting spent in this place.
 E = Time spent auto-exploring this place.
 F = Levels seen in this place.
 G = Mean time per level.
                   A        B        C        D        E       F      G
               +--------+--------+--------+--------+--------+-----+--------+
         Total |   2236 |   2203 |     33 |    129 |   1796 |   2 | 1118.0 |
       Dungeon |   2236 |   2203 |     33 |    129 |   1796 |   2 | 1118.0 |
               +--------+--------+--------+--------+--------+-----+--------+

Top non-repeatable levels by time:
     D:1: 1162 daAuts
     D:2: 1074 daAuts
